 Dungeon Crawl Stone Soup version 0.13.0-59-g13bd910 (webtiles) character file.

301 Lilouch the Firebug (level 5, 0/35 HPs)
             Began as a Mummy Fire Elementalist on Nov 20, 2013.
             Slain by an orc priest
             ... wielding a +0,+1 orcish short sword
              (8 damage)
             ... on Level 3 of the Dungeon.
             The game lasted 00:34:37 (8893 turns).

Lilouch the Firebug (Mummy Fire Elementalist)       Turns: 8893, Time: 00:34:37

HP   0/35        AC  2     Str 11      XL: 5   Next: 34%
MP  10/10        EV 12     Int 15      God:
Gold 119         SH  0     Dex 12      Spells:  3 memorised,  3 levels left

Res.Fire  : x . .   See Invis. : .   f - +0 blowgun
Res.Cold  : + . .   Warding    : .   a - +0 robe
Life Prot.: + + +   Conserve   : .   (no shield)
Res.Poison: +       Res.Corr.  : .   (no helmet)
Res.Elec. : .       Clarity    : .   (no cloak)
Sust.Abil.: . .     Spirit.Shd : .   (no gloves)
Res.Mut.  : .       Stasis     : .   (no boots)
Res.Rott. : +       Flight     : .   (no amulet)
Saprovore : . . .                    (no ring)
                                     w - ring of wizardry

@: slightly resistant to hostile enchantments, unstealthy
A: no food or potions, fire vulnerability, restore body, cold resistance 1, life
protection 3, poison resistance, torment resistance, unbreathing
a: no special abilities


You were on level 3 of the Dungeon.
You were not hungry.

You visited 1 branch of the dungeon, and saw 4 of its levels.

You collected 99 gold pieces.

Inventory:

Hand weapons
 f - a +0 blowgun (weapon)
 p - a -1,-1 elven dagger
 s - a +0,+0 dagger
 u - a +0,+0 dagger
 y - a +0,+0 dagger
Missiles
 g - 16 poisoned needles (quivered)
 m - 12 darts of flame
Armour
 a - a +0 robe (worn)
Comestibles
 h - a bread ration
 i - an apple
 o - 2 meat rations
Scrolls
 t - a scroll of enchant weapon I
Jewellery
 v - an uncursed amulet of guardian spirit
 w - a ring of wizardry (left hand)
 A - an uncursed amulet of resist corrosion {unknown}
Potions
 c - 2 potions of curing {unknown}
 d - a potion of heal wounds {unknown}
 e - a potion of mutation {unknown}
 r - a potion of speed {unknown}
 x - a potion of resistance {unknown}
 z - a potion of slowing {unknown}
Books
 b - a book of Flames

   Spells                             Type                      Level
   *Flame Tongue                      Conjuration/Fire             1
   *Throw Flame                       Conjuration/Fire             2
   *Conjure Flame                     Conjuration/Fire             3
   Inner Flame                        Hexes/Fire                   3
   Sticky Flame                       Conjuration/Fire             4
   Fireball                           Conjuration/Fire             5


   Skills:
 - Level 1.5 Dodging
 - Level 1.5 Stealth
 + Level 2.6 Spellcasting
 + Level 2.3 Conjurations
 + Level 3.7 Fire Magic


You had 3 spell levels left.
You knew the following spells:

 Your Spells              Type           Power        Failure   Level  Hunger
a - Flame Tongue          Conj/Fire      ##...        3%          1    N/A
b - Conjure Flame         Conj/Fire      ##......     8%          3    N/A
c - Throw Flame           Conj/Fire      ##....       4%          2    N/A

Dungeon Overview and Level Annotations

Branches:
Dungeon (4/27)
 Temple: D:4-7

Altars:

Annotations:
D:2 Sigmund


Innate Abilities, Weirdness & Mutations

You do not eat or drink.
Your flesh is vulnerable to fire.
Your flesh is cold resistant.
You are immune to negative energy.
Your system is resistant to poisons.
You are immune to unholy pain and torment.
You can survive without breathing.


Message History

You see here an orcish hand axe.
g - 15 poisoned needles (gained 1)
g - 16 poisoned needles (gained 1)
You see here an orcish hand axe.
There is a stone staircase leading down here.
You climb downwards.
The orc wizard shouts!
The orc priest mumbles some strange prayers to Beogh against you.
Something smites you!
The orc priest calls down the wrath of Beogh upon you.
Something smites you!
* * * LOW HITPOINT WARNING * * *
The orc wizard gestures wildly while chanting.
The orc wizard flickers and vanishes!
Deactivating autopickup; reactivate with Ctrl-A.
There is a stone staircase leading up here.
Read which item? (? for menu, Esc to quit)
Okay, then.
The orc priest hits you with an orcish short sword!
You die...

#.##........#######
#.####.###.##
#.####.###.###########
#########o.....................
.......§gg.............####
#############..........#
#..).......# #...o.....<#
#...@..o...# #....o.......
#..........### #..........#
#####......# ########


You could see 2 orc priests and an orc.

Vanquished Creatures
  2 orc wizards
  A gnoll (D:3)
  An adder (D:3)
  5 worms
  4 giant geckos
  4 orcs
  6 giant cockroaches
  5 goblins
  7 hobgoblins
  11 jackals
  A ball python (D:1)
  8 bats
  5 giant newts
  7 kobolds
  A quokka (D:2)
  8 rats
76 creatures vanquished.

Notes
Turn   | Place    | Note
--------------------------------------------------------------
     0 | D:1      | Lilouch, the Mummy Fire Elementalist, began the quest for the Orb.
     0 | D:1      | Reached XP level 1. HP: 13/13 MP: 3/3
   388 | D:1      | Reached skill level 1 in Conjurations
   488 | D:1      | Reached XP level 2. HP: 19/19 MP: 0/4
  1412 | D:1      | Reached skill level 3 in Fire Magic
  1450 | D:1      | Reached XP level 3. HP: 24/24 MP: 3/6
  2015 | D:3      | Learned a level 3 spell: Conjure Flame
  2469 | D:2      | Reached XP level 4. HP: 30/30 MP: 0/8
  3105 | D:3      | Noticed Sigmund
  7528 | D:1      | Noticed a troll
  7890 | D:3      | Learned a level 2 spell: Throw Flame
  8459 | D:4      | Reached XP level 5. HP: 35/35 MP: 7/10
  8893 | D:3      | Slain by an orc priest

Action                   |  1- 3 |  4- 6 || total
-------------------------+-------+-------++-------
Melee: Unarmed           |     6 |       ||     6
       Dagger            |    10 |     3 ||    13
 Fire: Blowgun           |       |    10 ||    10
Throw: Stone             |    10 |       ||    10
       Club              |    20 |     7 ||    27
       Dagger            |    12 |    21 ||    33
       Dart              |     1 |     5 ||     6
 Cast: Flame Tongue      |    76 |    44 ||   120
       Conjure Flame     |     3 |     9 ||    12
       Throw Flame       |       |     4 ||     4
  Use: Scroll            |       |     8 ||     8
